 Dungeon Crawl Stone Soup version 0.30-a0-779-g7971cf19c3 (webtiles) character file.

Game seed: 13723998993091889726

144 flord the Chopper (level 5, -1/45 HPs)
             Began as a Minotaur Fighter on Feb 17, 2023.
             Slain by an orc wizard
             ... wielding a +0 dagger
              (3 damage)
             ... on level 3 of the Dungeon.
             The game lasted 00:05:04 (1800 turns).

flord the Chopper (Minotaur Fighter)                Turns: 1800, Time: 00:05:04

Health: -1/45      AC:  8    Str: 23    XL:     5   Next: 5%
Magic:  4/4        EV:  8    Int:  5    God:
Gold:   116        SH:  8    Dex:  9    Spells: 4/4 levels left

rFire   . . .      SeeInvis .    a - +0 war axe
rCold   . . .      Faith    .    f - +0 kite shield
rNeg    . . .      Spirit   .    b - +0 scale mail
rPois   .          Reflect  .    (helmet restricted)
rElec   .          Harm     .    (no cloak)
rCorr   .          Rampage  .    (no gloves)
Will    .....                    h - +0 pair of boots Stlth
                                 (no amulet)
HPRegen 0.27/turn                (no ring)
MPRegen 0.09/turn                (no ring)

@: mighty
A: horns 2, retaliatory headbutt
a: no special abilities


You were on level 3 of the Dungeon.
You visited 1 branch of the dungeon, and saw 3 of its levels.

You collected 116 gold pieces.

Inventory:

Hand Weapons
 a - a +0 war axe (weapon)
Armour
 b - a +0 scale mail (worn)
 c - a +0 buckler
 f - a +0 kite shield (worn)
 h - a +0 pair of boots (worn)
Scrolls
 e - 2 scrolls of identify


   Skills:
 - Level 3.6 Fighting
 * Level 6.4 Axes
 - Level 3.6 Armour
 - Level 3.6 Shields


You had 4 spell levels left.
You didn't know any spells.
Your spell library was empty.

Dungeon Overview and Level Annotations

Branches:
Dungeon (3/15)

Altars:
Kikubaaqudgha
Vehumet


Innate Abilities, Weirdness & Mutations

You have a pair of horns on your head.
You reflexively headbutt those who attack you in melee.


Message History

You hear some strange, mumbled words.
Something tries to affect you, but you resist.
You barely miss something. Your headbutt misses something. You miss something.
Something hits you but does no damage. x2
You bump into the stone wall.
Something hits you but does no damage. x2
You bump into the stone wall.
You feel less confused.
Something hits you but does no damage. x2
You miss something. You completely miss something. Something hits you.
You block something's attack.
You barely miss something. Your headbutt misses something.
You barely miss something. Something hits you but does no damage.
You hear some strange, mumbled words.
Something tries to affect you, but you resist.
Something hits you but does no damage.
You hear some strange, mumbled words.
A magic dart appears from out of thin air!
The magic dart hits you.
You slash something! You miss something. Something hits you.
* * * LOW HITPOINT WARNING * * *
Something hits you.
* * * LOW HITPOINT WARNING * * *
You miss something. You closely miss something. Something hits you.
* * * LOW HITPOINT WARNING * * *
You hear some strange, mumbled words.
Something tries to affect you, but you resist.
Okay, then.
You aren't carrying any items that you can evoke.
You slice something!!
Reactivating autopickup.
You feel a bit more experienced.
You hit something.
You hear some strange, mumbled words.
A magic dart appears from out of thin air!
Deactivating autopickup; reactivate with Ctrl-A.
The magic dart hits you.
* * * LOW HITPOINT WARNING * * *
Something hits you but does no damage.
You have reached level 5!
You miss something. Something hits you.
You die...

##.####.######
#..######.#.####
#.....#......#
+...##....#.....
#######.######
#....##.######.#
#..#
####.....#.# ###
##..#
#..#.⌠.⌠.#.#
#...#
#_.'..⌠....#
##...# #.⌠.⌠.###
#....#
####.....#
#....#
#.@#....##
#....# #_){.o.##
#....# #..#..##
#....# #######
##...## #....#
##...# #...##
##...# ...#


You could see an orc wizard.

Vanquished Creatures
  2 orc wizards (D:3)
  4 adders
  2 dart slugs (D:1)
  4 bats
  3 endoplasms
  A giant cockroach (D:1)
  5 goblins
  4 hobgoblins
  6 jackals (D:1)
  7 kobolds
  3 quokkas (D:1)
  5 ball pythons
  5 frilled lizards
  3 rats (D:2)
54 creatures vanquished.

Notes
Turn   | Place    | Note
-------+----------+-------------------------------------------
     0 | D:1      | flord the Minotaur Fighter began the quest for the Orb.
     0 | D:1      | Reached XP level 1. HP: 19/19 MP: 0/0
    13 | D:1      | Reached skill level 3 in Axes
    18 | D:1      | Reached XP level 2. HP: 26/26 MP: 1/1
   214 | D:1      | Reached skill level 4 in Axes
   277 | D:1      | Reached XP level 3. HP: 31/31 MP: 2/2
   842 | D:2      | Reached skill level 5 in Axes
  1238 | D:2      | Reached XP level 4. HP: 39/39 MP: 3/3
  1526 | D:3      | Found a faded altar of an unknown god.
  1738 | D:3      | Found a radiant altar of Vehumet.
  1745 | D:3      | Reached skill level 6 in Axes
  1769 | D:3      | Found an ancient bone altar of Kikubaaqudgha.
  1799 | D:3      | HP: 1/39 [something/magic dart (6)]
  1800 | D:3      | Reached XP level 5. HP: 1/45 MP: 4/4
  1800 | D:3      | Slain by an orc wizard

Illustrated notes

Levels and vault maps discovered:
D:1:      onia_arrival_pentagram, layout_basic, minmay_misc_feat_chi
D:2:      layout_basic, kennysheep_path_1, hangedman_decor_points
D:3:      layout_basic, palyth_temple_overflow_mages, tgw_xom,
          nicolae_ru_great_annihilating_truth,
          nicolae_wu_jian_immortal_techniques, mainiacjoe_overflow_alcove_1,
          amethyst_overflow_temple_binary, hellmonk_ecumenical_altar_zigzags,
          chequers_serial_rivers_micro_c, chequers_serial_rivers_micro_c

Skill      XL: |  1  2  3  4 |
---------------+-------------+-----
Axes           | 3 4 5 6 |  6.4
Fighting       | |  3.6
Armour         | |  3.6
Shields        | |  3.6

Action                     |  1- 3 |  4- 6 || total
---------------------------+-------+-------++-------
  Melee: War axe           |   110 |    27 ||   137
         Headbutt          |    13 |     1 ||    14
    Use: Potion            |     4 |     1 ||     5
         Scroll            |     1 |     1 ||     2
 Armour: Scale mail        |    53 |    32 ||    85
  Dodge: Dodged            |    50 |     8 ||    58
  Block: Buckler           |    23 |       ||    23
         Kite shield       |     3 |    11 ||    14

Table legend: (Time is in decaauts)
 A = Elapsed time spent in this place.
 B = Non-inter-level travel time spent in this place.
 C = Inter-level travel time spent in this place.
 D = Time resting spent in this place.
 E = Time spent auto-exploring this place.
 F = Levels seen in this place.
 G = Mean time per level.
                   A        B        C        D        E       F      G
               +--------+--------+--------+--------+--------+-----+--------+
         Total |   1853 |   1802 |     51 |    142 |   1294 |   3 |  617.7 |
       Dungeon |   1853 |   1802 |     51 |    142 |   1294 |   3 |  617.7 |
               +--------+--------+--------+--------+--------+-----+--------+

Top non-repeatable levels by time:
     D:1: 779 daAuts
     D:2: 740 daAuts
     D:3: 333 daAuts
